 Dungeon Crawl Stone Soup version 0.31.0-9-g3a7656b989 (webtiles) character file.

Game seed: 15967155069575668135

1905 Gumption the Grappler (level 8, -1/71 HPs)
             Began as a Troll Gladiator on Jan 31, 2024.
             Was a Follower of Hepliaklqana.
             Slain by an orc wizard
             ... wielding a +0 dagger
              (4 damage)
             ... on level 6 of the Dungeon.
             The game lasted 00:31:00 (4899 turns).

Gumption the Grappler (Troll Gladiator)             Turns: 4899, Time: 00:31:00

Health: -1/71      AC:  5    Str: 23    XL:     8   Next: 94%
Magic:  7/7        EV: 10    Int:  4    God:    Hepliaklqana [*.....]
Gold:   202        SH:  8    Dex: 13    Spells: 7/7 levels left

rFire   . .          .
                       - Unarmed
rCold   . . .        q - +0 kite shield
rNeg    . . .        a - +0 robe
rPois   .            b - +0 hat
rElec   .            n - +0 cloak {rCorr}
rCorr   +            (gloves unavailable)
SInv    .            (boots unavailable)
Will    .....        (no amulet)
Stlth   +            (no ring)
HPRegen 1.11/turn    (no ring)
MPRegen 0.10/turn

%: no passive effects
@: no status effects
A: reduced essence, large, unfitting armour, claws 3, regeneration 1, shaggy fur
1, tough skin 1
a: Renounce Religion, Recall Ancestor, Ancestor Identity


You were on level 6 of the Dungeon.
You worshipped Hepliaklqana.
Hepliaklqana was aware of your devotion.
You visited 2 branches of the dungeon, and saw 7 of its levels.

You collected 264 gold pieces.
You spent 62 gold pieces at shops.

Inventory:

Missiles
 c - 3 throwing nets
 d - a large rock
 e - 44 stones
 l - 35 poisoned darts
 m - 4 boomerangs (quivered)
Armour
 a - a +0 robe (worn)
 b - a +0 hat (worn)
 n - a +0 cloak of preservation (worn)
 q - a +0 kite shield (worn)
Wands
 o - a wand of roots (9)
Scrolls
 f - 2 scrolls of poison
 g - a scroll of identify
 h - a scroll of vulnerability {unknown}
 j - 2 scrolls of blinking
 k - 3 scrolls of teleportation
Potions
 i - 2 potions of might
 p - a potion of mutation
 r - a potion of heal wounds
 s - a potion of berserk rage {unknown}
 t - a potion of enlightenment {unknown}


   Skills:
 + Level 4.8 Fighting
 - Level 1.7 Throwing
 + Level 5.2 Dodging
 + Level 2.8 Shields
 * Level 8.4 Unarmed Combat


You had 7 spell levels left.
You didn't know any spells.
Your spell library contained the following spells:

 Spells                   Type           Power      Damage    Failure   Level
 Apportation              Tloc           0%         N/A       78%         1
 Necrotise                Necr           0%         1d4       78%         1
 Sting                    Conj/Alch      0%         1d3       78%         1
 Summon Small Mammal      Summ           0%         N/A       78%         1
 Call Canine Familiar     Summ           0%         N/A       98%         3
 Dazzling Flash           Conj/Hex       0%         N/A       98%         3
 Mephitic Cloud           Conj/Alch/Air  0%         N/A       98%         3
 Sigil of Binding         Hex            0%         N/A       98%         3
 Dimensional Bullseye     Hex/Tloc       0%         N/A       100%        4
 Curse of Agony           Necr           0%         N/A       100%        5
 Silence                  Hex/Air        0%         N/A       100%        5


Dungeon Overview and Level Annotations

Branches:
Dungeon (6/15)             Temple (1/1) D:4

Altars:
Ashenzari
Cheibriados
Dithmenos
Elyvilon
Fedhas
Gozag
Hepliaklqana
Kikubaaqudgha
Makhleb
Nemelex Xobeh
Okawaru
Qazlal
Ru
Sif Muna
Trog
Uskayaw
Vehumet
Wu Jian
Xom
Yredelemnul
Zin
The Shining One

Shops:
D:2 [=?!=   D:3 (   D:6 [*

Annotations:
D:4 3 runed translucent doors, Sar's ghost, weakling AtCj


Innate Abilities, Weirdness & Mutations

Your life essence is reduced to manifest your ancestor. (-10% HP)
You are too large for most types of armour.
You have claws for hands.
Your natural rate of healing is unusually fast.
You are covered in fur. (AC +1)
You have tough skin. (AC +1)


Message History

The orc warrior hits you with a +0 trident!
You barely miss the orc warrior. You block the orc warrior's attack.
A magic dart appears from out of thin air!
The magic dart hits you.
You claw the orc warrior!
The orc warrior is heavily wounded.
The orc warrior hits you with a +0 trident!
* * * LOW HITPOINT WARNING * * *
You barely miss the orc warrior.
The orc warrior is heavily wounded.
The orc warrior hits you with a +0 trident.
* * * LOW HITPOINT WARNING * * *
You claw the orc warrior!
The orc warrior is almost dead.
The orc warrior hits you with a +0 trident!
* * * LOW HITPOINT WARNING * * *
You scratch the orc warrior.
The orc warrior is almost dead.
You block the orc warrior's attack.
You hear some strange, mumbled words.
Something tries to affect you, but you resist.
You barely miss the orc warrior.
The orc warrior is almost dead.
The orc warrior completely misses you. Something hits you but does no damage.
You closely miss the orc warrior.
The orc warrior is almost dead.
The orc warrior hits you with a +0 trident!
* * * LOW HITPOINT WARNING * * *
Something hits you.
* * * LOW HITPOINT WARNING * * *
You barely miss the orc warrior.
The orc warrior is almost dead.
The orc warrior hits you with a +0 trident.
* * * LOW HITPOINT WARNING * * *
Something hits you.
* * * LOW HITPOINT WARNING * * *
You barely miss the orc warrior.
The orc warrior is almost dead.
You block the orc warrior's attack. Something hits you.
You die...

#.####..###+########.. ###...##
#...##.)##....##....## ##.....##
#....#.)'o...........###........
#....'.>#............)∩.........
##..##..##..........)###.......)
##'###..##....##'#..#..##.....##
#.......###'####..##...####...##
#.......##....##o.# ...##.....##
####.##..##.....@..# #####.....#
.###.##..##............. ##+####
.........##....##....... #.$...##
.........##....##..##...##.......
###########.....#..# ...##......<
#.###....##.....#... ...+.....#
....#........[..#..... ..#...<.##
....#....##....##...... #.....##
######'######### ..>##.....##


You could see an orc warrior.

Vanquished Creatures
  Grinder (D:6)
  Eustachio (D:4)
  An orc warrior (D:5)
  A sky beast (D:6)
  An ice beast (D:5)
  An ogre (D:5)
  A centaur (D:6)
  A phantom (D:4)
  A kobold brigand (D:6)
  2 bombardier beetles (D:4)
  10 orc priests
  A jelly (D:5)
  2 hounds
  Jessica (D:3)
  Ijyb (D:4)
  3 iguanas
  8 orc wizards
  6 adders
  4 dart slugs
  29 orcs
  5 ball pythons
  3 endoplasms (D:1)
  3 giant cockroaches
  6 hobgoblins
  3 jackals (D:1)
  7 kobolds
  3 quokkas
  A bat (D:3)
  5 frilled lizards
  12 goblins
  5 rats
129 creatures vanquished.

Vanquished Creatures (collateral kills)
  An orc wizard (D:6)
  An adder (D:6)
  An orc (D:5)
  3 kobolds (D:6)
6 creatures vanquished.

Vanquished Creatures (others)
  2 ancestors
2 creatures vanquished.

Grand Total: 137 creatures vanquished

Notes
Turn   | Place    | Note
-------+----------+-------------------------------------------
     0 | D:1      | Gumption the Troll Gladiator began the quest for the Orb.
     0 | D:1      | Reached XP level 1. HP: 19/19 MP: 0/0
    74 | D:1      | Reached XP level 2. HP: 28/28 MP: 1/1
   868 | D:2      | Found Vusasch's Jewellery Shoppe.
   970 | D:2      | Found Pimell's Antique Armour Emporium.
  1008 | D:2      | Found Naceb's Magic Scroll Shop.
  1016 | D:2      | Bought a scroll of identify for 24 gold pieces
  1016 | D:2      | Bought a scroll of identify for 24 gold pieces
  1022 | D:2      | Found Diah's Distillery.
  1030 | D:2      | Bought a potion of degeneration for 14 gold pieces
  1065 | D:2      | Reached XP level 3. HP: 35/35 MP: 2/2
  1289 | D:2      | Reached skill level 4 in Unarmed Combat
  1289 | D:2      | Reached XP level 4. HP: 39/42 MP: 3/3
  1354 | D:2      | Found Saulaany's Jewellery Shoppe.
  1452 | D:2      | You fall into a shaft and drop 2 floors!
  1868 | D:2      | Found a faded altar of an unknown god.
  2101 | D:3      | Reached XP level 5. HP: 50/50 MP: 4/4
  2134 | D:3      | Noticed Jessica
  2142 | D:3      | Killed Jessica
  2566 | D:3      | Reached skill level 5 in Unarmed Combat
  2580 | D:3      | Reached XP level 6. HP: 41/59 MP: 5/5
  2810 | D:3      | Found Ylorghiek's Weapon Shop.
  2826 | D:3      | Found a basalt altar of Yredelemnul.
  2826 | D:3      | Found a hazy altar of Hepliaklqana.
  2830 | D:3      | Found a sparkling altar of Nemelex Xobeh.
  2831 | D:3      | Found a bloodstained altar of Trog.
  2833 | D:3      | Found a white marble altar of Elyvilon.
  2835 | D:3      | Found a glowing silver altar of Zin.
  2836 | D:3      | Found an ancient bone altar of Kikubaaqudgha.
  2839 | D:3      | Found a blossoming altar of Fedhas.
  2841 | D:3      | Found an opulent altar of Gozag.
  2872 | D:3      | Became a worshipper of Hepliaklqana the Forgotten
  3081 | D:4      | Found a staircase to the Ecumenical Temple.
  3085 | Temple   | Entered the Ecumenical Temple
  3426 | D:4      | Found a runed translucent gate.
  3427 | D:4      | Found a runed translucent gate.
  3428 | D:4      | Found a runed translucent gate.
  3428 | D:4      | Noticed Sar's ghost (weakling AtCj)
  3460 | D:4      | Reached skill level 6 in Unarmed Combat
  3460 | D:4      | Reached XP level 7. HP: 67/67 MP: 6/6
  3655 | D:4      | Noticed Eustachio
  3693 | D:4      | Killed Eustachio
  3720 | D:4      | Noticed Ijyb
  3736 | D:4      | Killed Ijyb
  3937 | D:5      | Entered Level 5 of the Dungeon
  4056 | D:5      | Reached skill level 7 in Unarmed Combat
  4085 | D:5      | Reached XP level 8. HP: 71/78 MP: 7/7
  4115 | D:5      | Reached skill level 1 in Shields
  4190 | D:5      | Reached * piety under Hepliaklqana
  4287 | D:5      | Found the +7 staff of the Meek {protect, meekguard}
  4322 | D:5      | Found a broken altar of Ashenzari.
  4644 | D:6      | Noticed Grinder
  4658 | D:6      | Killed Grinder
  4659 | D:6      | Reached skill level 5 in Dodging
  4659 | D:6      | Reached skill level 8 in Unarmed Combat
  4692 | D:6      | Found Zyarphin's Neck Hole.
  4825 | D:6      | Found Iqusued's Armour Shoppe.
  4897 | D:6      | HP: 3/71 [something (2)]
  4899 | D:6      | Slain by an orc wizard

Illustrated notes

Levels and vault maps discovered:
D:1:      dpeg_arrival_arbitrary_b, layout_basic
D:2:      cheibrodos_pilgrimage, layout_loops_ring,
          dreamdust_ecumenical_altar_hidden_monk_grotto, serial_shops, shop,
          nicolae_shop_crystal, shop, nicolae_shop_crystal,
          nicolae_shop_tiny_waterfront
D:3:      layout_basic, nicolae_overflow_hallway_of_the_gods, serial_shops,
          nicolae_square_shop, uniq_jessica
D:4:      kennysheep_the_goblin_king, layout_loops_cross, temple_hall_moat,
          gammafunk_ghost_split, grunt_decor_arrowhead, uniq_eustachio
D:5:      layout_cave_pools, ashenzari_altar_1, corexii_hall_statues_l,
          pf_guarded_unrand_meek
D:6:      layout_gridville, serial_shops, shop,
          nicolae_shop_sticking_my_neck_out, uniq_grinder
Temple:   hc_temple_tempest_star

Skill      XL: |  1  2  3  4  5  6  7  8 |
---------------+-------------------------+-----
Fighting       | 2 3 4 |  4.8
Unarmed Combat | 4 5 6 7 8 |  8.4
Dodging        | 3 4 5 |  5.2
Shields        | 2 |  2.8
Throwing       | |  1.7

Action                     |  1- 3 |  4- 6 |  7- 9 || total
---------------------------+-------+-------+-------++-------
  Melee: Unarmed           |    68 |   165 |   161 ||   394
         Punch             |       |     3 |       ||     3
  Throw: Stone             |    10 |     2 |     3 ||    15
         Boomerang         |       |       |     6 ||     6
    Use: Scroll            |     1 |     3 |     2 ||     6
   Stab: Sleeping          |     2 |       |       ||     2
 Armour: Robe              |    32 |    95 |    85 ||   212
  Dodge: Dodged            |    17 |    61 |    63 ||   141
  Block: Kite shield       |       |       |    28 ||    28
